 Dungeon Crawl Stone Soup version 0.28.0-53-g5a82cb258f (webtiles) character file.

Game seed: 12482831962642911893

14582 Revguard the Contemplative (level 11, -1/86 HPs)
             Began as a Demonspawn Fighter on May 23, 2022.
             Was a Priest of Cheibriados.
             Slain by a wraith (5 damage)
             ... led by Josephine
             ... on level 11 of the Dungeon.
             The game lasted 00:35:15 (14341 turns).

Revguard the Contemplative (Demonspawn Fighter)    Turns: 14341, Time: 00:35:15

Health: -1/86      AC: 15    Str: 25    XL:     11   Next: 90%
Magic:  0/18       EV: 10    Int: 17    God:    Cheibriados [***...]
Gold:   1074       SH: 18    Dex: 25    Spells: 10/10 levels left

rFire   . . .      SeeInvis +   h - +2 scimitar (venom)
rCold   + . .      Faith    .   b - +0 tower shield
rNeg    . . .      Spirit   +   g - +0 chain mail {rC+}
rPois   .          Reflect  .   n - +1 helmet
rElec   .          Harm     .   u - +0 cloak
rCorr   .          Rampage  .   (gloves unavailable)
Will    .....                   m - +0 pair of boots
Stlth   ..........              i - amulet of guardian spirit
HPRegen 2.24/turn               (no ring)
MPRegen 0.16/turn               (no ring)

@: slowed, very slow
A: demonic guardian 1, powered by death 2, demonic touch 3, see invisible, wild
magic 1
a: Renounce Religion, Bend Time, Temporal Distortion


You were on level 11 of the Dungeon.
You worshipped Cheibriados.
Cheibriados was most pleased with you.
You visited 1 branch of the dungeon, and saw 11 of its levels.

You collected 1074 gold pieces.

Inventory:

Hand Weapons
 a - a +1 long sword
 h - a +2 scimitar of venom (weapon)
Armour
 b - a +0 tower shield (worn)
 c - a +0 buckler
 g - a +0 chain mail of cold resistance (worn)
 m - a +0 pair of boots (worn)
 n - a +1 helmet (worn)
 u - a +0 cloak (worn)
Jewellery
 d - an amulet of faith
 i - an amulet of guardian spirit (around neck)
Wands
 k - a wand of polymorph (4)
 p - a wand of iceblast (18)
 v - a wand of flame (19)
Scrolls
 f - 6 scrolls of vulnerability
 l - a scroll of fog
 o - 2 scrolls of holy word
 q - 3 scrolls of teleportation
 r - a scroll of immolation
 t - a scroll of magic mapping
 w - 2 scrolls of identify
 x - 2 scrolls of silence {unknown}
 B - a scroll of enchant armour {unknown}
Potions
 e - 3 potions of brilliance
 j - 2 potions of mutation
 s - a potion of berserk rage
 z - a potion of attraction {unknown}
Miscellaneous
 y - a lightning rod (3/4)


   Skills:
 + Level 8.0 Fighting
 + Level 6.9 Long Blades
 + Level 7.3 Armour
 + Level 6.7 Dodging
 + Level 7.3 Shields
 + Level 9.6 Invocations
 + Level 7.3 Evocations


You had 10 spell levels left.
You didn't know any spells.
Your spell library contained the following spells:

 Spells                   Type           Power      Damage    Failure   Level
 Magic Dart               Conj           0%         1d3       100%        1
 Sandblast                Erth           0%         2d4       100%        1
 Shock                    Conj/Air       0%         1d3       100%        1
 Passwall                 Tmut/Erth      0%         N/A       100%        2
 Searing Ray              Conj           0%         2d4       100%        2
 Stone Arrow              Conj/Erth      0%         3d7       100%        3
 Swiftness                Air            0%         N/A       100%        3
 Airstrike                Air            0%         N/A       100%        4
 Animate Armour           Summ/Erth      0%         N/A       100%        4
 Fulminant Prism          Conj/Hex       0%         3d6       100%        4
 Blade Hands              Tmut           0%         N/A       100%        5
 Iron Shot                Conj/Erth      0%         9d1       100%        6


Dungeon Overview and Level Annotations

Branches:
Dungeon (11/15)            Temple (0/1) D:7            Lair (0/6) D:9
    Orc (0/2) D:10

Altars:
Cheibriados
Kikubaaqudgha
Nemelex Xobeh
Wu Jian
Yredelemnul
The Shining One

Shops:
D:1 =


Innate Abilities, Weirdness & Mutations

A weak demonic guardian rushes to your aid.
You regenerate health from kills.
Your touch may irresistibly damage your foes and sap their willpower.
You have supernaturally acute eyesight. (SInv)
Your spells are a little harder to cast, but a little more powerful.


Message History

The orc completely misses you. You block the wraith's attack. x2
You block the orc's attack. The wraith hits you but does no damage.
You block the orc's attack. The wraith hits you!
* * * LOW HITPOINT WARNING * * *
A demonic guardian appears!
The wraith drains your vigour!
You feel as though you will be slow longer.
You block the orc's attack.
Your life force feels restored.
You hit the orc.
The orc is poisoned.
The orc is lightly wounded.
You block the orc's attack. The orc barely misses you. The wraith hits you!
* * * LOW HITPOINT WARNING * * *
You block the wraith's attack. The orc barely misses you. The orc misses you.
The wraith hits you.
* * * LOW HITPOINT WARNING * * *
The wraith drains your vigour!
You feel as though you will be slow longer.
You block the orc's attack. The wraith closely misses you.
The orc hits you but does no damage.
You slice the orc!!
You kill the orc!
Cheibriados appreciates the change of pace.
Your quasit bites the wraith but does no damage.
Your quasit claws the wraith but does no damage.
Your quasit closely misses the wraith.
You block the orc's attack. The wraith closely misses you.
You block the orc's attack.
Your quasit bites the wraith but does no damage.
Your quasit claws the wraith but does no damage. x2
The wraith hits you.
* * * LOW HITPOINT WARNING * * *
The wraith drains your vigour!
You feel as though you will be slow longer.
You block the orc's attack. The wraith hits you!
* * * LOW HITPOINT WARNING * * *
The wraith drains your vigour!
You feel as though you will be slow longer.
The orc hits you but does no damage.
Your quasit closely misses the wraith.
Your quasit claws the wraith but does no damage. x2
The wraith hits you!
You die...

#.#### #..####### #.#
###..# #.#
#....###########
#.####.#.............
#....#.####.......#
##......# #.......#
##....### #......>####
##....# #.....o....#
##....######...5@o....#
##.........+...WW))...#
##.#########..........#
...##### #.......####
.......# #.......#
#####..# #...#....#
......## #...###...#
.....≈# .... ...).
≈...≈≈# .# ).#).


You could see 2 wraiths, 2 orcs and a friendly quasit (summoned).

Vanquished Creatures
  Josephine (D:11)
  A hydra (D:11)
  4 two-headed ogres
  Pikel (D:4)
  A cyclops (D:11)
  A komodo dragon (D:11)
  2 trolls
  3 wraiths (D:11)
  Eustachio (D:4)
  4 shadows
  2 basilisks (D:9)
  4 wyverns
  2 vampire mosquitoes (D:10)
  A steam dragon (D:3)
  2 acid dragons
  A swamp drake (D:9)
  4 water moccasins
  4 sky beasts
  Duvessa (D:4)
  An ice beast (D:6)
  4 orc warriors
  A black bear (D:7)
  2 ogres
  4 centaurs
  2 phantoms (D:10)
  2 bullfrogs
  A kobold brigand (D:8)
  2 scorpions
  A wyvern zombie (D:7)
  A gnoll sergeant (D:7)
  Dowan (D:4)
  A killer bee (D:7)
  3 troll zombies (D:10)
  4 electric eels (D:11)
  2 wights (D:7)
  4 howler monkeys
  A bullfrog zombie (D:5)
  4 centaur zombies
  A hound (D:6)
  A jelly (D:7)
  10 orc priests
  3 centaur skeletons
  Natasha (thrice) (D:2)
  Terence (D:3)
  An iguana (D:7)
  15 orc wizards
  A scorpion zombie (D:5)
  2 ogre zombies (D:10)
  3 howler monkey zombies
  Robin (D:3)
  A howler monkey skeleton (D:7)
  7 adders
  2 white imps (D:6)
  3 ufetubi
  An adder skeleton (D:4)
  A worm (D:4)
  2 dart slugs
  47 orcs
  4 endoplasms
  2 giant cockroaches (D:2)
  15 goblins
  7 hobgoblins
  4 jackals (D:1)
  6 quokkas
  6 ball pythons
  A bat (D:1)
  8 frilled lizards
  3 goblin zombies (D:10)
  A hobgoblin skeleton (D:10)
  3 hobgoblin zombies (D:10)
  10 kobolds
  4 orc skeletons (D:10)
  5 orc zombies (D:10)
  3 rats
269 creatures vanquished.

Vanquished Creatures (collateral kills)
  Gastronok (D:10)
  A troll (D:8)
  An orc warrior (D:6)
  A bullfrog (D:5)
  A wight (D:7)
  An ogre zombie (D:10)
  3 orcs
  A hobgoblin zombie (D:10)
  An orc skeleton (D:10)
  An orc zombie (D:10)
12 creatures vanquished.

Vanquished Creatures (others)
  A goblin (D:3)
  A bush (D:1)
2 creatures vanquished.

Grand Total: 283 creatures vanquished

Notes
Turn   | Place    | Note
-------+----------+-------------------------------------------
     0 | D:1      | Revguard the Demonspawn Fighter began the quest for the
                  | Orb.
     0 | D:1      | Reached XP level 1. HP: 18/18 MP: 1/1
   132 | D:1      | Gained mutation: You regenerate a little health from kills.
                  | [demonic ancestry]
   132 | D:1      | Reached XP level 2. HP: 10/24 MP: 2/2
   484 | D:1      | Found Epeu's Jewellery Shop.
   496 | D:1      | Reached skill level 1 in Invocations
   988 | D:2      | Noticed Natasha
   990 | D:2      | Killed Natasha
   991 | D:2      | Reached skill level 1 in Dodging
   991 | D:2      | Reached XP level 3. HP: 29/29 MP: 2/4
  1068 | D:2      | Reached skill level 1 in Evocations
  1076 | D:2      | Identified the +0 robe of Dishonour {Str+4 SInv Archmagi}
  1436 | D:2      | Noticed Natasha
  1444 | D:2      | Killed Natasha
  1445 | D:2      | Gained mutation: Your touch may inflict minor irresistible
                  | damage on your foes. [demonic ancestry]
  1445 | D:2      | Reached XP level 4. HP: 23/35 MP: 3/5
  1771 | D:2      | Noticed Natasha
  1780 | D:2      | Killed Natasha
  1781 | D:2      | Reached skill level 2 in Invocations
  2123 | D:2      | Reached XP level 5. HP: 20/41 MP: 2/6
  2407 | D:3      | Noticed a steam dragon
  2423 | D:3      | Killed a steam dragon
  2424 | D:3      | Gained mutation: Your touch may inflict irresistible damage
                  | on your foes. [demonic ancestry]
  2424 | D:3      | Reached XP level 6. HP: 47/48 MP: 5/8
  2441 | D:3      | Noticed Terence
  2452 | D:3      | Killed Terence
  2806 | D:3      | Noticed Robin
  2842 | D:3      | Killed Robin
  3003 | D:3      | Gained mutation: You have a pair of small horns on your
                  | head. [potion of mutation]
  3031 | D:4      | Noticed Eustachio
  3042 | D:4      | Reached skill level 3 in Invocations
  3091 | D:4      | HP: 1/48 [Eustachio/+0 rapier of protection (2)]
  3181 | D:4      | HP: 1/48 [iron imp[Eustachio] (5)]
  3515 | D:4      | Identified the +5 flail "Mulatt" {vamp, Dex+4}
  3580 | D:4      | Killed Eustachio
  3581 | D:4      | Reached XP level 7. HP: 24/54 MP: 4/9
  3738 | D:4      | Found an ornate altar of the Wu Jian Council.
  3945 | D:4      | Noticed Dowan
  3946 | D:4      | Noticed Duvessa
  3971 | D:4      | Killed Duvessa
  4346 | D:4      | Killed Dowan
  4659 | D:4      | Noticed Pikel
  4681 | D:4      | Killed Pikel
  4682 | D:4      | Reached skill level 4 in Invocations
  4682 | D:4      | Gained mutation: A weak demonic guardian rushes to your
                  | aid. [demonic ancestry]
  4682 | D:4      | Reached XP level 8. HP: 36/61 MP: 8/11
  4958 | D:4      | Lost mutation: You have a pair of small horns on your head.
                  | [potion of mutation]
  4958 | D:4      | Gained mutation: You are strong-willed. (Will+) [potion of
                  | mutation]
  4958 | D:4      | Gained mutation: You are dopey. (Int -2) [potion of
                  | mutation]
  4987 | D:5      | Entered Level 5 of the Dungeon
  5199 | D:5      | Reached skill level 5 in Invocations
  5224 | D:5      | Reached skill level 5 in Fighting
  5255 | D:5      | Found a snail-covered altar of Cheibriados.
  5275 | D:5      | Became a worshipper of Cheibriados the Contemplative
  5606 | D:6      | HP: 3/62 [orc warrior/+0 long sword (7)]
  5610 | D:6      | Reached XP level 9. HP: 6/68 MP: 0/13
  5973 | D:6      | Reached skill level 5 in Armour
  6043 | D:6      | Reached skill level 5 in Shields
  6326 | D:6      | Found a basalt altar of Yredelemnul.
  6341 | D:6      | Lost mutation: You are strong-willed. (Will+) [potion of
                  | mutation]
  6341 | D:6      | Lost mutation: You are dopey. (Int -2) [potion of mutation]
  6341 | D:6      | Gained mutation: Your spells are a little harder to cast,
                  | but a little more powerful. [potion of mutation]
  6341 | D:6      | Gained mutation: You have supernaturally acute eyesight.
                  | (SInv) [potion of mutation]
  6389 | D:6      | Reached * piety under Cheibriados
  6442 | D:6      | Reached skill level 6 in Invocations
  7011 | D:6      | Noticed a two-headed ogre
  7015 | D:6      | Killed a two-headed ogre
  7554 | D:6      | Reached skill level 5 in Evocations
  7716 | D:7      | Reached skill level 5 in Long Blades
  8025 | D:7      | Reached skill level 7 in Invocations
  8150 | D:7      | Found an ancient bone altar of Kikubaaqudgha.
  8173 | D:7      | Gained mutation: You regenerate health from kills. [demonic
                  | ancestry]
  8173 | D:7      | Reached XP level 10. HP: 72/76 MP: 13/15
  8441 | D:7      | Found a staircase to the Ecumenical Temple.
  8715 | D:7      | Reached ** piety under Cheibriados
  8828 | D:7      | Reached skill level 5 in Dodging
 10069 | D:9      | Reached *** piety under Cheibriados
 10863 | D:9      | Found a staircase to the Lair.
 11207 | D:9      | Reached skill level 8 in Invocations
 11402 | D:10     | Entered Level 10 of the Dungeon
 11402 | D:10     | Noticed a two-headed ogre
 11409 | D:10     | Killed a two-headed ogre
 11740 | D:10     | Noticed a two-headed ogre
 11744 | D:10     | Killed a two-headed ogre
 11745 | D:10     | Gained mutation: Your touch may irresistibly damage your
                  | foes and sap their willpower. [demonic ancestry]
 11745 | D:10     | Reached XP level 11. HP: 65/84 MP: 8/17
 11838 | D:10     | Found a sparkling altar of Nemelex Xobeh.
 11963 | D:10     | Found a staircase to the Orcish Mines.
 12065 | D:10     | Reached **** piety under Cheibriados
 12683 | D:10     | Noticed Gastronok
 12702 | D:10     | Killed Gastronok
 13362 | D:11     | Reached skill level 9 in Invocations
 13630 | D:11     | Noticed a two-headed ogre
 13638 | D:11     | Killed a two-headed ogre
 13708 | D:11     | Noticed a five-headed hydra
 13723 | D:11     | Killed a five-headed hydra
 14328 | D:11     | Noticed Josephine
 14335 | D:11     | Killed Josephine
 14341 | D:11     | HP: 4/86 [wraith[Josephine] (7)]
 14341 | D:11     | Slain by a wraith

Illustrated notes

Levels and vault maps discovered:
D:1:      dpeg_arrival_rooms_with_view, layout_basic, serial_shops, shop,
          minmay_hedge_maze
D:2:      layout_loops_ring, uniq_natasha
D:3:      layout_rooms, uniq_robin, uniq_terence
D:4:      layout_basic, nicolae_wu_jian_glorious_leap, tso_oasis_becter,
          uniq_duvessa, uniq_eustachio, uniq_pikel
D:5:      layout_rooms, kennysheep_slug_shrine
D:6:      layout_layer_cave, mainiacjoe_overflow_six_doors_small
D:7:      minmay_polygon_palace, layout_basic, mainiacjoe_overflow_alcove_4,
          temple_doors_e, minmay_misc_feat_diagonals
D:8:      layout_rooms
D:9:      layout_rooms, erik_lair_dragon, lemuel_another_geyser
D:10:     layout_irregular_city, mainiacjoe_overflow_tiny_flanked,
          zombieorc1_lemuel, uniq_gastronok
D:11:     layout_basic, enter_trove_2, kennysheep_nub,
          okawaru_ov_weapons_minmay, uniq_josephine, uniq_fannar

Skill      XL: |  1  2  3  4  5  6  7  8  9 10 11 |
---------------+----------------------------------+-----
Invocations    | 1 2 3 4 5 7 8 9 |  9.6
Long Blades    | 2 3 4 5 6 |  6.9
Dodging        | 1 2 3 4 5 6 |  6.7
Evocations     | 1 2 3 4 5 6 7 |  7.3
Armour         | 3 4 5 6 7 |  7.3
Shields        | 3 4 5 6 7 |  7.3
Fighting       | 4 5 6 7 8 |  8.0

Action                   |  1- 3 |  4- 6 |  7- 9 | 10-12 || total
-------------------------+-------+-------+-------+-------++-------
Melee: Long sword        |    90 |   287 |    51 |       ||   428
       Headbutt          |       |    19 |    14 |       ||    33
       Scimitar          |       |       |   344 |   446 ||   790
Invok: Bend Time         |       |       |     1 |     2 ||     3
       Temporal Distorti |       |       |       |     3 ||     3
       Slouch            |       |       |       |     2 ||     2
Evoke: Wand              |       |       |    11 |    10 ||    21
       Lightning rod     |       |       |       |     2 ||     2
  Use: Potion            |       |     6 |     2 |     5 ||    13
       Scroll            |       |     8 |     6 |    10 ||    24
 Stab: Distracted        |       |       |     3 |       ||     3
       Confused          |       |       |       |     1 ||     1
Armor: Scale mail        |    43 |    20 |       |       ||    63
       Skin              |       |    22 |       |       ||    22
       Chain mail        |       |   220 |   271 |   337 ||   828
Dodge: Dodged            |    46 |   155 |   105 |   216 ||   522
Block: Buckler           |    16 |   113 |    21 |       ||   150
       Tower shield      |       |       |   404 |   644 ||  1048
